Map: Winter Madness LE

Players

sebesdes

  • Race: Zerg Zerg
  • League: Grandmaster
  • Spawn Location: 11:00

BratOK (Brat_OK) - Winner!

  • Race: Terran Terran
  • League: Grandmaster
  • Spawn Location: 5:00

VOD

Have the link to the VOD?

Description

Time

  • Played on: Dec. 28, 2025, 1:19 p.m.
  • Length: 10:53
Show
View Real Time Build Order
Export as new Build Order

sebesdes Zerg 

Build Orders: Hatch First 

Get SALT Encoding   

  12  0:00  Drone  
  13  0:08  Drone  
  14  0:14  Extractor  
  14  0:16  Drone  
  15  0:26  Overlord  
  15  0:44  Hatchery  
  15  0:47  Drone  
  15  0:51  Drone  
  15  0:55  Drone  
  17  0:58  Drone  
  18  1:09  Extractor  
  17  1:14  Spawning Pool  
  17  1:17  Drone  
  17  1:23  Drone  
  18  1:34  Drone  
  19  1:43  Hatchery  
  19  1:45  Drone  
  19  2:00  Queen  
  21  2:01  Zergling x2  
  21  2:02  Zergling x2  
  21  2:06  Zergling x2  
  24  2:19  Zergling x2  
  25  2:26  Metabolic Boost  
  25  2:36  Queen  
  27  2:49  Zergling x2, Overlord  
  28  2:54  Queen  
  28  2:55  Zergling x4  
  28  2:57  Zergling x2  
  33  3:00  Zergling x2  
  34  3:16  Zergling x8  
  36  3:30  Extractor  
  35  3:34  Zergling x6  
  35  3:36  Drone  
  35  3:40  Drone x2  
  41  3:43  Overlord x2  
  40  4:05  Drone x5  
  40  4:08  Drone  
  40  4:09  Drone x2  
  48  4:20  Hatchery  
  46  4:28  Drone x3  
  49  4:33  Queen  
  49  4:38  Overlord  
  51  4:41  Overlord  
  51  4:52  Overlord, Extractor  
  50  4:56  Zergling x4  
  50  4:59  Drone x5  
  57  5:04  Spore Crawler x2  
  55  5:10  Drone x3  
  57  5:17  Drone  
  50  5:29  Drone x5  
  55  5:37  Lair  
  55  5:42  Zergling x6  
  58  5:45  Queen  
  58  5:49  Spore Crawler  
  59  5:50  Drone x2  
  59  5:54  Zergling x4  
  63  5:58  Drone  
  64  6:06  Hatchery  
  63  6:14  Drone x8  
  71  6:28  Drone x3  
  71  6:30  Extractor, Overlord  
  71  6:31  Extractor, Overlord  
  72  6:32  Extractor  
  72  6:33  Evolution Chamber x2, Queen x2  
  70  6:45  Drone x4  
  70  6:46  Overlord  
  74  6:48  Overlord  
  72  6:54  Queen  
  72  7:00  Drone x9  
  81  7:06  Roach Warren  
  78  7:25  Zerg Missile Weapons Level 1  
  78  7:26  Drone x8  
  86  7:32  Queen  
  88  7:40  Drone x8  
  88  7:43  Zerg Melee Weapons Level 1  
  96  7:44  Overlord x2  
  96  7:55  Spore Crawler  
  94  8:01  Spore Crawler  
  94  8:05  Roach x7  
  101  8:06  Roach x2  
  101  8:08  Evolution Chamber  
  100  8:14  Roach x2  
  104  8:25  Roach Warren  
  100  8:29  Queen  
  88  8:37  Hatchery  
  79  8:42  Drone x9  
  87  8:49  Drone x2  
  87  8:54  Drone  
  90  9:02  Drone, Roach Warren  
  90  9:07  Extractor  
  90  9:09  Roach  
  99  9:10  Roach x4  
  99  9:13  Extractor  
  98  9:17  Drone  
  98  9:20  Drone x3  
  98  9:23  Roach  
  104  9:24  Roach x2  
  104  9:30  Evolution Chamber  
  94  9:35  Drone x5  
  97  9:45  Drone x4  
  102  9:52  Roach  
  102  9:53  Roach x6  
  114  10:00  Drone  
  114  10:01  Drone x3  
  118  10:19  Drone  
  118  10:20  Drone  
  118  10:21  Hydralisk Den, Overlord  
  119  10:22  Spore Crawler  
  119  10:23  Overlord x2  
  119  10:24  Extractor  
  119  10:26  Extractor  
  116  10:29  Drone x4  
  120  10:39  Drone x2  
  120  10:40  Drone x3  
Show
View Real Time Build Order
Export as new Build Order

BratOK Terran - Winner!

Build Orders: Reaper Expand, Mech 

Get SALT Encoding   

  12  0:00  SCV  
  13  0:12  SCV  
  14  0:17  Supply Depot  
  14  0:24  SCV  
  15  0:38  SCV  
  15  0:40  Barracks  
  16  0:43  Refinery  
  16  0:51  SCV  
  17  1:03  SCV  
  18  1:15  SCV  
  19  1:27  Reaper, Orbital Command  
  20  1:47  Command Center  
  20  1:50  Supply Depot  
  20  1:54  SCV  
  20  1:59  Marine  
  22  2:03  Factory  
  22  2:12  Bunker  
  22  2:17  Bunker  
  22  2:20  Barracks Reactor  
  22  2:24  SCV  
  23  2:30  Refinery  
  23  2:36  SCV  
  24  2:48  SCV  
  25  2:53  Factory Tech Lab  
  25  2:56  Marine x2  
  27  3:00  SCV  
  27  3:05  Orbital Command  
  28  3:13  SCV  
  28  3:16  Marine  
  28  3:17  Marine, Siege Tank  
  34  3:27  Starport  
  34  3:30  SCV  
  34  3:38  Marine x2  
  36  3:42  SCV  
  37  3:48  Supply Depot  
  35  4:07  SCV  
  35  4:08  Fusion Core  
  36  4:12  Hellion x2  
  40  4:22  Raven  
  42  4:24  Supply Depot  
  42  4:32  SCV  
  43  4:39  Hellion x2  
  45  5:00  Hellion x2  
  49  5:17  Battlecruiser  
  53  5:31  Armory  
  53  5:38  Hellion x2  
  57  5:44  Orbital Command  
  57  5:46  Command Center  
  57  5:59  Hellion  
  59  6:05  SCV  
  60  6:25  SCV x2  
  62  6:29  Refinery  
  62  6:30  Refinery  
  62  6:33  Battlecruiser  
  62  6:37  SCV  
  69  6:41  SCV  
  70  6:52  Supply Depot  
  70  6:58  SCV x2, Hellion x2  
  77  7:03  Hellion x8, Orbital Command  
  76  7:10  SCV x2  
  78  7:20  Hellion  
  78  7:22  SCV x2  
  82  7:25  Hellion  
  84  7:30  Factory  
  84  7:32  Factory  
  84  7:33  SCV  
  84  7:34  SCV x2  
  87  7:45  SCV  
  87  7:46  Supply Depot, SCV  
  87  7:48  Hellion x2  
  93  7:57  Terran Vehicle Weapons Level 1, Supply Depot  
  93  7:58  Supply Depot  
  93  8:13  SCV x2  
  95  8:20  Factory Tech Lab  
  95  8:21  Factory Tech Lab, Orbital Command  
  95  8:25  Command Center, SCV x2  
  97  8:27  Command Center  
  93  8:37  SCV x2  
  93  8:39  Battlecruiser, Siege Tank  
  93  8:40  Siege Tank, Hellion  
  90  8:49  SCV x3  
  93  9:01  SCV x3, Supply Depot x2  
  96  9:04  Engineering Bay  
  96  9:10  Refinery  
  96  9:11  Refinery  
  96  9:13  SCV x2  
  96  9:14  Armory, Infernal Pre-Igniter  
  96  9:16  Siege Tank x2, Hellion  
  106  9:21  SCV  
  107  9:25  SCV  
  107  9:27  SCV  
  109  9:32  Hellion  
  109  9:33  SCV  
  109  9:37  SCV  
  110  9:39  SCV  
  110  9:43  Orbital Command  
  110  9:47  SCV  
  110  9:49  SCV  
  106  9:56  SCV  
  106  9:59  SCV  
  111  10:14  Siege Tank x2, Hellion  
  111  10:15  Hellion  
  111  10:19  SCV x2  
  111  10:20  SCV  
  121  10:26  Refinery x2  
  121  10:33  SCV x4  
  121  10:35  Factory  
  125  10:36  Factory  
  125  10:37  Missile Turret  
  125  10:42  Missile Turret  
  125  10:45  Missile Turret  
Tags
 
Add a new tag
Caveats
  • Supply blocks, unpowered buildings, or Contaminate may cause inaccurate times.
  • Supply counts are checked every 10 seconds.